 Dungeon Crawl Stone Soup version 0.29.1-12-g30fa7ad0bf (webtiles) character file.

Game seed: 1000021301624344486

476 hawla the Firebug (level 7, -2/52 HPs)
             Began as a Meteoran Fire Elementalist on Dec 29, 2022.
             Was an Initiate of Vehumet.
             Slain by a black bear (4 damage)
             ... on level 8 of the Dungeon.
             The game lasted 00:07:13 (1498 turns).

hawla the Firebug (Meteoran Fire Elementalist)      Turns: 1498, Time: 00:07:14

Health: -2/52      AC:  2    Str:  9    XL:     7   Next: 59%
Magic:  3/14       EV: 13    Int: 18    God:    Vehumet [......]
Gold:   150        SH:  0    Dex: 16    Spells: 7/14 levels left

rFire   . . .      SeeInvis .   d - +0 long sword
rCold   . . .      Faith    .   (no shield)
rNeg    . . .      Spirit   .   a - +0 robe
rPois   .          Reflect  .   (no helmet)
rElec   .          Harm     .   (no cloak)
rCorr   .          Rampage  .   (no gloves)
Will    .....                   (no boots)
Stlth   +.........              (no amulet)
HPRegen 0.17/turn               (no ring)
MPRegen 0.14/turn               (no ring)

@: glowing
A: sense surroundings 1, otherworldly, glowing, explore regen
a: Renounce Religion


You were on level 8 of the Dungeon.
You worshipped Vehumet.
Vehumet was noncommittal.
You visited 2 branches of the dungeon, and saw 7 of its levels.

You collected 150 gold pieces.

Inventory:

Hand Weapons
 d - a +0 long sword (weapon)
Armour
 a - a +0 robe (worn)
Wands
 g - a wand of iceblast (11) (quivered)
 k - a wand of polymorph (14)
 n - a wand of mindburst (2)
Scrolls
 c - a scroll of amnesia
 e - 2 scrolls of teleportation
 f - a scroll of magic mapping
 h - a scroll of enchant weapon {unknown}
 l - a scroll of identify
 m - 3 scrolls of vulnerability {unknown}
Potions
 b - a potion of magic
 i - a potion of brilliance {unknown}
 j - 2 potions of curing {unknown}


   Skills:
 + Level 1.1 Fighting
 + Level 0.4 Long Blades
 + Level 3.1 Dodging
 - Level 1.4 Stealth
 + Level 4.3 Spellcasting
 + Level 5.6 Conjurations
 + Level 6.0 Fire Magic


You had 7 spell levels left.
You knew the following spells:

 Your Spells              Type           Power      Damage    Failure   Level
a - Foxfire               Conj/Fire      96%        2x1d8     1%          1
b - Scorch                Fire           50%        2d8       1%          2
c - Flame Wave            Conj/Fire      24%        2d8       13%         4

Your spell library contained the following spells:

 Spells                   Type           Power      Damage    Failure   Level
 Conjure Flame            Conj/Fire      24%        6-21      3%          3
 Inner Flame              Hex/Fire       14%        N/A       12%         3


Dungeon Overview and Level Annotations

Branches:
Dungeon (8/15) Zot: 2162   Temple (1/1) D:4 Zot: 539
   Lair: D:8-11

Altars:
Cheibriados
Elyvilon
Fedhas
Gozag
Nemelex Xobeh
Okawaru
Qazlal
Ru
Vehumet
Xom
Yredelemnul
Zin

Shops:
D:2 (


Innate Abilities, Weirdness & Mutations

You passively map a small area around you.
You are easily found by Zot.
You glow in the dark.
You regain HP and MP as you explore.


Message History

The orc priest's mind is blasted!!
You blow up the orc priest!
Vehumet accepts your kill.
An orc comes into view. It is wielding a +0 hand axe.
Your Fire Magic skill increases to level 6!
An orc wizard comes into view. It is wielding a +0 dagger.
The orc wizard shouts!
The orc wizard points at you and mumbles some strange words.
The puff of flame hits you! The orc hits you with a +0 whip.
Casting: Foxfire (safe; 1% risk of failure)
Confirm with . or Enter, or press ? or * to list all spells.
The spell is quite dangerous to miscast (13% risk of failure)!
Continue anyway?
Casting: Flame Wave (quite dangerous; 13% risk of failure)
Press: ? - help, Dir - look around, f - activate A wave of flame ripples out!
The flame wave engulfs the orc.
You kill the orc!
Vehumet accepts your kill. (Press . to intensify the flame waves.) Unknown command.
A wave of flame ripples out!
The flame wave engulfs the ice beast!
The ice beast melts!
The ice beast is heavily wounded.
The flame wave engulfs the black bear!
The black bear is moderately wounded.
The ice beast hits you. The ice beast freezes you!
* * * LOW HITPOINT WARNING * * *
A wave of flame ripples out!
The flame wave engulfs the ice beast.
The ice beast melts!
The ice beast is severely wounded.
The flame wave engulfs the black bear!
The black bear is almost dead.
The flame wave engulfs the orc!
You kill the orc!
Vehumet accepts your kill.
You finish channelling waves of flame.
The ice beast hits you.
* * * LOW HITPOINT WARNING * * *
The ice beast freezes you!
* * * LOW HITPOINT WARNING * * *
The black bear bites you.
You die...

#.........
#........#
#.......# *###
#.......##....,
#.......#.o.. ,
,
#.......)....,
#.....)....8 ,
,,
#...h.......,
*#..#.@Y......
, #.
,#..##.....
##..#*#### *
#..# , #..#####
, * ##.....##
#......## ,
##.......## ,
** #.........##


You could see a black bear, an ice beast and an orc wizard.

Vanquished Creatures
  Menkaure (D:4)
  A black bear (D:7)
  A bullfrog (D:7)
  A scorpion (D:4)
  3 orc priests
  A hound (D:7)
  An adder (D:2)
  An ufetubus (D:4)
  2 worms
  6 orcs
  A giant cockroach (D:4)
  A quokka (D:2)
  2 ball pythons
  A bat (D:2)
  A frilled lizard (D:3)
  2 kobolds (D:4)
  A rat (D:3)
27 creatures vanquished.

Vanquished Creatures (others)
  52 foxfires
52 creatures vanquished.

Grand Total: 79 creatures vanquished

Notes
Turn   | Place    | Note
-------+----------+-------------------------------------------
     0 | D:1      | hawla the Meteoran Fire Elementalist began the quest for
                  | the Orb.
     0 | D:1      | Reached XP level 1. HP: 14/14 MP: 5/5
    78 | D:2      | Found Bomified's Antique Weapon Shop.
    95 | D:2      | Reached skill level 4 in Fire Magic
    95 | D:2      | Reached XP level 2. HP: 2/20 MP: 0/6
    98 | D:2      | Learned a level 2 spell: Scorch
   194 | D:3      | Reached XP level 3. HP: 26/26 MP: 2/8
   223 | D:4      | Found a staircase to the Ecumenical Temple.
   225 | Temple   | Entered the Ecumenical Temple
   276 | Temple   | Became a worshipper of Vehumet
   313 | D:4      | Noticed Menkaure
   320 | D:4      | Killed Menkaure
   321 | D:4      | Reached skill level 1 in Fighting
   321 | D:4      | Reached skill level 5 in Fire Magic
   321 | D:4      | Reached XP level 4. HP: 35/35 MP: 2/10
   321 | D:4      | Reached XP level 5. HP: 40/40 MP: 2/11
   326 | D:4      | Learned a level 4 spell: Flame Wave
   565 | D:4      | Reached XP level 6. HP: 47/47 MP: 8/12
   989 | D:4      | You fall into a shaft and drop 3 floors!
  1196 | D:7      | Noticed a black bear
  1202 | D:7      | Killed a black bear
  1203 | D:7      | Reached skill level 5 in Conjurations
  1203 | D:7      | Reached XP level 7. HP: 52/52 MP: 7/13
  1242 | D:7      | Identified the +4 arbalest of Spite {elec, Dex+8 Stlth-}
  1495 | D:8      | Reached skill level 6 in Fire Magic
  1498 | D:8      | HP: 2/52 [ice beast (8)]
  1498 | D:8      | Slain by a black bear

Illustrated notes

Levels and vault maps discovered:
D:1:      heliophobic_arrival_battle_scene, layout_basic,
          hellmonk_ecumenical_altar_arch_garden
D:2:      layout_basic, serial_co_window_serial, co_window_corner_a,
          co_window_of_opportunity_a, co_window_paths_a, co_window_paths_a,
          co_window_corner_a, co_window_unsneaky_path_e, co_window_2corner,
          co_window_2corner, co_window_unsneaky_path_e, co_window_2corner,
          co_window_4corner_a, glass_columns_b, glass_columns_a,
          glass_columns_b, glass_columns_c, serial_shops, shop, shop, shop,
          moated_statue, minmay_shallow_snake_nest
D:3:      layout_basic, demons_altar, nicolae_uskayaw_murder_on_the_dancefloor,
          serial_shops, nicolae_square_shop
D:4:      layout_basic, minmay_temple_entry_hall, nicolae_shop_firing_range,
          uniq_menkaure
D:7:      wad_crossroads, layout_basic, roderic_batcave, kennysheep_another_room
D:8:      layout_cave_pods, serial_ice, serial_ice_m, serial_ice_i,
          serial_ice_h, serial_ice_f, serial_shops, shop
Temple:   nicolae_temple_ecumenical_triangle

Skill      XL: |  1  2  3  4  5  6  7 |
---------------+----------------------+-----
Fire Magic     | 4 5 6 |  6.0
Fighting       | 1 |  1.1
Dodging        | 3 |  3.1
Spellcasting   | 3 4 |  4.3
Conjurations   | 2 3 5 |  5.6
Long Blades    | |  0.4
Stealth        | |  1.4

Action                   |  1- 3 |  4- 6 |  7- 9 || total
-------------------------+-------+-------+-------++-------
Melee: Unarmed           |     5 |     1 |       ||     6
       Long sword        |       |     3 |       ||     3
 Cast: Foxfire           |    16 |     9 |     6 ||    31
       Scorch            |     2 |    11 |     6 ||    19
       Flame Wave        |       |     1 |     1 ||     2
Evoke: Wand              |       |       |     1 ||     1
  Use: Scroll            |     5 |       |       ||     5
       Potion            |       |     2 |       ||     2
Armor: Robe              |     3 |       |     1 ||     4
Dodge: Dodged            |     4 |     8 |     2 ||    14
